AoeStats
← 落花之情

Arena

504286148Analyzed
4v4 RM · 26d ago on Sep 4, 2026· 34m 7s· 8 players
Game mode
Random Map
Map size
Large (8 player)
Population
200
Speed
Normal
Resources
Standard
Victory
Conquest
Starting age
Dark Age
Ending age
Imperial Age
RankedLock teamsTeams togetherTeam positionsShared explorationLock speedFull tech treeHidden civsTurbo modeCheats
Victory
Defeat
1882
+6
🇮🇹 Goths · Italy
1820
+8
🇭🇰 Slavs · Hong Kong SAR China
1680
+14
🇨🇳 Wu · China
1604
+18
🇫🇷 Koreans · France
1787
-17
🇫🇷 Huns · France
1717
-14
🇧🇪 Hindustanis · Belgium
1638
-11
🇫🇷 Khmer · France
1403
-4
Carnage
1:31 Loom
10:22 Feudal Age
10:29 Feudal Age
11:41 Double-Bit Axe
12:04 Horse Collar
14:26 Castle Age
15:36 Bow Saw
16:33 Wheelbarrow
16:18 Heavy Plow
20:10 Town Watch
24:31 Hand Cart
24:26 Stone Mining
25:15 Gold Mining
29:10 Imperial Age
27:40 Scale Mail Armor
27:51 Forging
28:40 Chain Mail Armor
29:07 Anarchy
28:39 Pikeman
29:20 Squires
30:13 Iron Casting
30:23 Conscription
29:28 Halberdier
31:16 Chemistry
32:31 Blast Furnace
32:33 Two-Man Saw
31:57 Fletching
33:29 Perfusion
落花之情
9:59 Feudal Age
10:48 Double-Bit Axe
13:43 Castle Age
11:48 Horse Collar
14:50 Bow Saw
20:07 Pikeman
21:56 Scale Mail Armor
22:44 Squires
23:12 Forging
24:33 Wheelbarrow
24:51 Gold Mining
25:49 Chain Mail Armor
27:27 Iron Casting
27:25 Loom
28:17 Gold Shaft Mining
29:59 Hand Cart
30:35 Stone Mining
33:53 Imperial Age
31:10 Town Watch
32:06 Scale Barding Armor
32:51 Husbandry
33:01 Bloodlines
33:14 Chain Barding Armor
33:57 Heavy Hei Guang Cavalry
35:13 Plate Barding Armor
ITA | Padre Massimo dall'Aquila
11:04 Feudal Age
11:52 Double-Bit Axe
14:54 Castle Age
12:41 Horse Collar
13:47 Gold Mining
14:16 Scale Mail Armor
15:55 Bow Saw
15:51 Scale Mail Armor
18:10 Loom
22:12 Squires
26:00 Wheelbarrow
31:46 Chain Mail Armor
32:36 Hand Cart
34:55 Imperial Age
32:56 Forging
32:50 Heavy Plow
32:41 Stone Mining
33:06 Town Watch
34:08 Stone Shaft Mining
35:05 Iron Casting
Hui
11:12 Feudal Age
12:34 Double-Bit Axe
12:30 Horse Collar
14:53 Castle Age
16:06 Bow Saw
15:52 Town Watch
17:14 Loom
25:35 Fletching
26:36 Bodkin Arrow
27:29 Heavy Plow
28:37 Wheelbarrow
28:54 Scale Barding Armor
33:51 Imperial Age
31:45 Scale Mail Armor
31:55 Forging
31:57 Detinets
32:40 Squires
32:01 Pikeman
32:57 Chain Mail Armor
33:07 Hand Cart
33:56 Iron Casting
AOKI_Totor
10:27 Feudal Age
14:29 Castle Age
12:19 Double-Bit Axe
13:40 Scale Barding Armor
14:47 Light Cavalry
19:28 Wheelbarrow
21:04 Loom
22:30 Bow Saw
23:22 Horse Collar
23:57 Town Watch
24:34 Stone Mining
24:34 Gold Mining
26:06 Bloodlines
26:18 Chain Barding Armor
26:39 Forging
27:40 Gold Shaft Mining
32:14 Imperial Age
30:08 Husbandry
31:50 Iron Casting
32:21 Cavalier
33:40 Plate Barding Armor
AOKI_Thanouille
11:07 Feudal Age
11:28 Loom
14:55 Castle Age
12:59 Double-Bit Axe
12:54 Horse Collar
13:22 Horse Collar
14:04 Gold Mining
15:49 Bow Saw
15:57 Fletching
22:38 Bodkin Arrow
27:38 Wheelbarrow
27:43 Heavy Plow
30:06 Town Watch
31:39 Ballistics
33:22 Hand Cart
36:07 Imperial Age
AOKI_bjorni
9:54 Feudal Age
9:59 Feudal Age
13:53 Castle Age
12:24 Double-Bit Axe
13:59 Bloodlines
15:00 Forging
18:20 Scale Barding Armor
21:56 Gold Mining
23:29 Iron Casting
24:25 Chain Barding Armor
30:49 Imperial Age
28:49 Bow Saw
30:51 Wheelbarrow
33:36 Town Watch
33:55 Fletching
35:27 Chemistry
AOKI_WALLY
10:26 Feudal Age
11:41 Double-Bit Axe
14:27 Castle Age
12:32 Horse Collar
19:31 Wheelbarrow
23:39 Bow Saw
23:47 Bow Saw
26:47 Gold Mining
30:13 Imperial Age
27:30 Loom
28:28 Heavy Plow
28:45 Hand Cart
29:45 Padded Archer Armor
31:58 Chemistry
32:23 Leather Archer Armor
Connection lost

Rejoining the realm…

Still unreachable

The connection could not be restored.

Session expired

The server has moved on; the page needs a fresh start.